 Dungeon Sprint DCSS version 0.27-a0-808-g60bc5d92e6 (webtiles) character file.

Game seed: 16586429660483780211

9641 mhtbhm the Bludgeoner (level 11, -12/102 (111) HPs)
             Began as a Kobold Berserker on Mar 28, 2021.
             Was an Elder of Trog.
             Mangled by a golden dragon (37 damage)
             ... in the Dungeon (Sprint I: "Red Sonja").
             The game lasted 00:07:47 (3390 turns).

mhtbhm the Bludgeoner (Kobold Berserker)            Turns: 3390, Time: 00:07:48

HP:   -12/102 (111) AC:  4    Str: 18    XL:     11   Next: 78%
MP:   11/11         EV: 25    Int:  9    God:    Trog [****..]
Gold: 1012          SH:  0    Dex: 14    Spells: 10/10 levels left

rFire    + + .     SeeInvis .   a - +2 morningstar (vorpal)
rCold    + . .     Faith    .   (shield restricted)
rNeg     . . .     Spirit   .   b - +0 animal skin
rPois    .         Reflect  .   (helmet restricted)
rElec    .         Harm     .   v - scarf {rC+ rF+}
rCorr    .         Rampage  .   (no gloves)
Will     .....     NoTele   +   (no boots)
Stlth    ..........             (no amulet)
HPRegen  0.27/turn              m - +4 ring of evasion
MPRegen  0.12/turn              s - ring of protection from fire

@: berserking (expiring), drained, very quick
A: small, no large weapons, nightstalker 3, horns 1, iridescent scales 1, frail
1
a: Renounce Religion, Berserk, Trog's Hand, Brothers in Arms


You were in the Dungeon.
You worshipped Trog.
Trog was greatly pleased with you.
You visited 1 branch You collected 2671 gold pieces.
You spent 1659 gold pieces at shops.

Inventory:

Hand Weapons
 a - a +2 vorpal morningstar (weapon)
Missiles
 i - 10 curare-tipped darts (quivered)
Armour
 b - a +0 animal skin (worn)
 v - a scarf of resistance (worn)
Jewellery
 m - a +4 ring of evasion (left hand)
 s - a ring of protection from fire (right hand)
Scrolls
 h - 2 scrolls of blinking
 j - 4 scrolls of enchant weapon
 n - a scroll of fog
 q - a scroll of summoning
 t - a scroll of magic mapping
 u - a scroll of enchant armour
 w - a scroll of identify
 x - a scroll of vulnerability {unknown}
Potions
 c - 2 potions of curing
 d - a potion of heal wounds
 e - a potion of haste
 f - 2 potions of magic
 g - a potion of berserk rage
 k - a potion of lignification
 l - a potion of cancellation
 o - a potion of attraction {unknown}
 p - a potion of ambrosia {unknown}
 r - a potion of might


   Skills:
 + Level 16.0 Fighting
 + Level 16.0 Maces & Flails
 + Level 0.9 Throwing
 + Level 5.5 Armour
 + Level 13.2 Dodging
 + Level 11.6 Stealth


You had 10 spell levels left.
You didn't know any spells.
Your spell library was empty.

Dungeon Overview and Level Annotations

Branches:
Dungeon (1/1)

Altars:
Cheibriados
Dithmenos
Elyvilon
Fedhas
Gozag
Hepliaklqana
Kikubaaqudgha
Makhleb
Nemelex Xobeh
Okawaru
Qazlal
Ru
Sif Muna
Trog
Uskayaw
Vehumet
Wu Jian
Xom
Yredelemnul
Zin
The Shining One
Jiyva
Lugonu

Shops:
D =??*:?=([(=!?[*[=


Innate Abilities, Weirdness & Mutations

You are small and have problems with some larger weapons.
You are completely attuned to the shadows.
You have a pair of small horns on your head.
You are partially covered in iridescent scales. (AC +2)
You are frail. (-10% HP)


Message History

There is an arrow trap here.
You are too injured to fight recklessly!
You are too injured to fight recklessly!
You are too injured to fight recklessly!
You are too injured to fight recklessly!
You are too injured to fight recklessly!
You are too injured to fight recklessly!
You are too injured to fight recklessly!
You are too injured to fight recklessly!
You are too injured to fight recklessly!
You are too injured to fight recklessly!
You are too injured to fight recklessly!
You sock the golden dragon!
The golden dragon is lightly wounded.
Unknown command.
You hit the golden dragon but do no damage.
Your headbutt misses the golden dragon.
The golden dragon is lightly wounded.
Your troll bites the golden dragon.
Your troll claws the golden dragon but does no damage.
Your troll claws the golden dragon.
The shadow dragon bites you but does no damage.
The shadow dragon barely misses you.
The shadow dragon completely misses you.
The golden dragon bites you! The golden dragon claws you.
The golden dragon closely misses you.
Unknown command.
You hit the golden dragon.
The golden dragon is moderately wounded.
Your ogre barely misses the shadow dragon.
Your troll bites the golden dragon!
Your troll claws the golden dragon.
Your troll claws the golden dragon!
Unknown command.
You barely miss the golden dragon. Your headbutt misses the golden dragon.
The golden dragon is heavily wounded.
Your ogre hits the shadow dragon with a +0 giant spiked club!!
The shadow dragon misses you. The shadow dragon claws you.
* * * LOW HITPOINT WARNING * * *
The shadow dragon misses you. The golden dragon bites you!!!
You die...

†..§##..'^^#..§.##
.§§#######+#§.§§§#
##+# #§§§§.#
##§§§§# ###+##
#§####+ ##'#§§§.
##.^T§§§.
#...@D§§§
#§.§OD§§.
.§....:§.
.§.§.)§..
#^....^..


You could see a shadow dragon (catching breath, ally target), a golden dragon
(catching breath, ally target), a friendly troll (summoned, berserk) and a
friendly ogre (summoned, berserk).

Vanquished Creatures
  A hydra (D)
  2 centaur warriors (D)
  Sonja (D)
  A deep troll (D)
  A lindwurm (D)
  An oklob plant (D)
  2 unseen horrors (D)
  2 kobold demonologists (D)
  2 demonic crawlers (D)
  A slime creature (D)
  A hornet (D)
  2 redbacks (D)
  A yak (D)
  Sigmund (D)
  13 hogs (D)
  2 floating eyes (D)
  7 necrophages (D)
  An ogre (D)
  8 jellies (D)
  Ijyb (D)
  A ballistomycete spore (D)
52 creatures vanquished.

Vanquished Creatures (collateral kills)
  2 demonic crawlers (D)
  A floating eye (D)
3 creatures vanquished.

Vanquished Creatures (others)
  A gargoyle (D)
  A ballistomycete spore (D)
2 creatures vanquished.

Grand Total: 57 creatures vanquished

Notes
Turn   | Place    | Note
-------+----------+-------------------------------------------
     0 | D        | mhtbhm the Kobold Berserker began the quest for the Orb.
     0 | D        | Reached XP level 1. HP: 14/14 MP: 1/1
     2 | D        | Noticed Ijyb
    14 | D        | Killed Ijyb
    15 | D        | Reached skill level 5 in Fighting
    15 | D        | Reached XP level 2. HP: 13/21 MP: 2/2
    15 | D        | Reached XP level 3. HP: 16/26 MP: 3/3
   191 | D        | Noticed an ogre
   198 | D        | Killed an ogre
   199 | D        | Reached XP level 4. HP: 32/32 MP: 4/4
   199 | D        | Reached XP level 5. HP: 37/37 MP: 5/5
   298 | D        | Noticed Sigmund
   306 | D        | Killed Sigmund
   306 | D        | Reached ** piety under Trog
   307 | D        | Reached skill level 5 in Dodging
   307 | D        | Reached XP level 6. HP: 45/45 MP: 6/6
   390 | D        | Found an ornate altar of the Wu Jian Council.
   391 | D        | Found a shimmering blue altar of Sif Muna.
   392 | D        | Found a radiant altar of Vehumet.
   463 | D        | Found a hazy altar of Hepliaklqana.
   463 | D        | Found a stormy altar of Qazlal.
   463 | D        | Found a hide-covered altar of Uskayaw.
   463 | D        | Found a blossoming altar of Fedhas.
   463 | D        | Noticed a yak
   469 | D        | Killed a yak
   470 | D        | Reached XP level 7. HP: 51/52 MP: 7/7
   470 | D        | Found Ywne's Magic Scroll Emporium.
   470 | D        | Found a bloodstained altar of Trog.
   470 | D        | Found an opulent altar of Gozag.
   470 | D        | Found a snail-covered altar of Cheibriados.
   471 | D        | Found an iron altar of Okawaru.
   471 | D        | Found a sparkling altar of Nemelex Xobeh.
   471 | D        | Found a sacrificial altar of Ru.
   471 | D        | Found a glowing silver altar of Zin.
   472 | D        | Found an ancient bone altar of Kikubaaqudgha.
   472 | D        | Found a basalt altar of Yredelemnul.
   472 | D        | Found a glowing golden altar of the Shining One.
   472 | D        | Found a shadowy altar of Dithmenos.
   472 | D        | Found a white marble altar of Elyvilon.
   576 | D        | Found a burning altar of Makhleb.
   576 | D        | Found a viscous altar of Jiyva.
   576 | D        | Found a shimmering altar of Xom.
   576 | D        | Found a corrupted altar of Lugonu.
   576 | D        | Noticed a slime creature
   584 | D        | Killed a slime creature
   584 | D        | Reached *** piety under Trog
   585 | D        | Reached skill level 10 in Fighting
   585 | D        | Reached skill level 10 in Maces & Flails
   585 | D        | Reached skill level 1 in Stealth
   651 | D        | Noticed a kobold demonologist
   651 | D        | Noticed a kobold demonologist
   656 | D        | Reached XP level 8. HP: 59/59 MP: 8/8
   656 | D        | Noticed a rust devil
   665 | D        | Killed a kobold demonologist
   674 | D        | Noticed a ynoxinul
   676 | D        | Noticed a red devil
   678 | D        | Killed a kobold demonologist
   678 | D        | Reached **** piety under Trog
   679 | D        | Reached skill level 5 in Armour
   810 | D        | Noticed Sonja
   820 | D        | Killed Sonja
   821 | D        | Reached XP level 9. HP: 62/66 MP: 9/9
   946 | D        | Found Wurghiem's Jewellery Boutique.
  1029 | D        | Noticed a deep troll
  1040 | D        | Killed a deep troll
  1051 | D        | Found Alusits's Armour Emporium.
  1207 | D        | Bought a scroll of identify for 28 gold pieces
  1207 | D        | Bought a scroll of identify for 28 gold pieces
  1207 | D        | Bought a scroll of identify for 28 gold pieces
  1210 | D        | Bought a scroll of identify for 28 gold pieces
  1210 | D        | Bought a scroll of identify for 28 gold pieces
  1215 | D        | Gained mutation: You have a pair of small horns on your
                  | head. [potion of mutation]
  1215 | D        | Gained mutation: You are frail. (-10% HP) [potion of
                  | mutation]
  1215 | D        | Gained mutation: You are partially covered in iridescent
                  | scales. (AC +2) [potion of mutation]
  1230 | D        | Noticed a centaur warrior
  1231 | D        | Noticed a centaur warrior
  1241 | D        | Killed a centaur warrior
  1241 | D        | Reached ***** piety under Trog
  1242 | D        | Reached XP level 10. HP: 22/65 MP: 10/10
  1244 | D        | Killed a centaur warrior
  1245 | D        | Reached skill level 10 in Dodging
  1548 | D        | Noticed an oklob plant
  1561 | D        | Killed an oklob plant
  1670 | D        | Killed a gargoyle
  1701 | D        | Received a gift from Trog
  1920 | D        | Killed an unseen horror
  1925 | D        | Killed an unseen horror
  2089 | D        | Received a gift from Trog
  2237 | D        | Reached XP level 11. HP: 72/72 MP: 11/11
  2242 | D        | Received a gift from Trog
  2250 | D        | Reached skill level 15 in Maces & Flails
  2306 | D        | Reached ****** piety under Trog
  2323 | D        | Found Limy's General Store.
  2323 | D        | Found Luehilon's Magic Scroll Shop.
  2323 | D        | Found Huabyuf's Book Boutique.
  2325 | D        | Found Fapheikhek's Magic Scroll Emporium.
  2325 | D        | Found Disump's Jewellery Shop.
  2325 | D        | Found Keahaigaho's Antique Weapon Shoppe.
  2325 | D        | Found Tarphan's Antique Armour Boutique.
  2329 | D        | Found Lelee's Weapon Emporium.
  2330 | D        | Found Dexodagu's Jewellery Shop.
  2331 | D        | Found Anomaj's Distillery.
  2332 | D        | Found Yteabicu's Magic Scroll Boutique.
  2333 | D        | Found Mem Guin's General Store.
  2333 | D        | Found Gyfimox's Antique Armour Boutique.
  2334 | D        | Found Gadikhlesch's Jewellery Emporium.
  2340 | D        | Bought a ring of protection from fire for 275 gold pieces
  2351 | D        | Bought a scroll of blinking for 90 gold pieces
  2351 | D        | Bought a scroll of magic mapping for 42 gold pieces
  2355 | D        | Bought a scroll of identify for 24 gold pieces
  2355 | D        | Bought a scroll of identify for 24 gold pieces
  2356 | D        | Identified a scroll of acquirement
  2357 | D        | Acquired 608 gold pieces
  2363 | D        | Bought a potion of might for 56 gold pieces
  2364 | D        | Bought a scroll of enchant weapon for 90 gold pieces
  2364 | D        | Bought a scroll of enchant weapon for 90 gold pieces
  2367 | D        | Bought a scroll of enchant weapon for 90 gold pieces
  2367 | D        | Bought a scroll of enchant armour for 90 gold pieces
  2370 | D        | Bought an embroidered scarf for 176 gold pieces
  2377 | D        | Bought a +2 morningstar of flaming for 192 gold pieces
  2429 | D        | Bought a scroll of brand weapon for 280 gold pieces
  2462 | D        | Reached skill level 15 in Fighting
  2476 | D        | Received a gift from Trog
  2477 | D        | Reached skill level 10 in Stealth
  2756 | D        | Noticed a lindwurm
  2765 | D        | Killed a lindwurm
  3012 | D        | Received a gift from Trog
  3194 | D        | Noticed a 12-headed hydra
  3308 | D        | Killed a 12-headed hydra
  3308 | D        | Received a gift from Trog
  3384 | D        | Noticed a golden dragon
  3385 | D        | Noticed a shadow dragon
  3390 | D        | Mangled by a golden dragon

Illustrated notes

Levels and vault maps discovered:
D:        dungeon_sprint_1 [red_sonja_temple_1, red_sonja_temple_small_1]

Skill      XL: |  1  2  3  4  5  6  7  8  9 10 11 |
---------------+----------------------------------+-----
Fighting       | 5 6 8 9 10 12 13 14 16 | 16.0
Maces & Flails | 4 6 7 9 10 12 13 14 16 | 16.0
Armour         | 2 3 4 5 |  5.5
Dodging        | 3 4 5 6 7 8 9 11 13 | 13.2
Stealth        | 1 3 6 8 11 | 11.6
Throwing       | |  0.9

Action                   |  1- 3 |  4- 6 |  7- 9 | 10-12 || total
-------------------------+-------+-------+-------+-------++-------
Melee: Mace              |    15 |    13 |    55 |    78 ||   161
       Headbutt          |       |       |     1 |    35 ||    36
       Morningstar       |       |       |       |    58 ||    58
Throw: Dart              |       |       |     1 |       ||     1
Invok: Berserk           |     2 |     3 |     5 |    10 ||    20
       Brothers in Arms  |       |       |       |     5 ||     5
  Use: Scroll            |       |       |     5 |     4 ||     9
       Potion            |       |       |     1 |     1 ||     2
 Stab: Sleeping          |       |       |     2 |     7 ||     9
       Distracted        |       |       |       |     1 ||     1
Armor: Animal skin       |     1 |       |     4 |     7 ||    12
Dodge: Dodged            |     7 |     4 |    20 |   117 ||   148

Table legend: (Time is in decaauts)
 A = Elapsed time spent in this place.
 B = Non-inter-level travel time spent in this place.
 C = Inter-level travel time spent in this place.
 D = Time resting spent in this place.
 E = Time spent auto-exploring this place.
 F = Levels seen in this place.
 G = Mean time per level.
                   A        B        C        D        E       F      G
               +--------+--------+--------+--------+--------+-----+--------+
         Total |   3494 |   3494 |      0 |   2585 |      0 |   1 | 3494.0 |
       Dungeon |   3494 |   3494 |      0 |   2585 |      0 |   1 | 3494.0 |
               +--------+--------+--------+--------+--------+-----+--------+

Top non-repeatable levels by time:
       D: 3494 daAuts
